Cogmind - Beta 16 @@@ ROGUE MODE // 2025.11.07 @ 15:56:35 Player: Velocity Result: Destroyed by G-47 Trooper with Particle Gun Performance ------------- Evolutions (0) 0 Regions Visited (2) 400 Robots Destroyed (8) 40 Value Destroyed (236) 236 Prototype IDs (0) 0 Alien Tech Used (0) 0 Bonus (0) 0 TOTAL SCORE: 676 Bonus ------- None Cogmind --------- Core Integrity 0/250 Matter 290/300 Energy 125/125 System Corruption 0% Temperature Cool (9) Movement Walking (120) Location -10/Mines Parts ------- > --- POWER (1) -------- Light Ion Engine > --- PROPULSION (2) --- Aluminum Leg Aluminum Leg > --- UTILITY (2) ------ Medium Storage Unit ECM Suite > --- WEAPON (2) ------- (None) > --- INVENTORY (10) --- Aluminum Leg Heat Sink Small Storage Unit Large Storage Unit Peak State ------------ > --- POWER ------------ Ion Engine > --- PROPULSION ------- Aluminum Leg Aluminum Leg > --- UTILITY ---------- Medium Storage Unit Seismic Detector > --- WEAPON ----------- EM Pulse Gun Light Cannon > --- INVENTORY -------- Light Ion Engine Aluminum Leg Compact Wheel Compact Wheel Heat Sink Small Storage Unit Large Storage Unit ECM Suite Assault Rifle Grenade Launcher [Rating: 8] Favorites ----------- Power Light Ion Engine Engine Light Ion Engine Propulsion Aluminum Leg Leg Aluminum Leg Wheel Compact Wheel Utility Seismic Detector Device Seismic Detector Storage Medium Storage Unit Weapon EM Pulse Gun Energy Gun EM Pulse Gun Ballistic Gun Assault Rifle Ballistic Cannon Light Cannon Launcher Grenade Launcher Build | -11 -10 -10 ------- Run | Yrd Mat Min Slots Evolved . | . . . Power . | . . . Propulsion . | . . . Utility . | . . . Weapon . | . . . Parts Attached 17 | 8 2 7 Power 2 | 1 . 1 Engine 2 | 1 . 1 Core . | . . . Reactor . | . . . Propulsion 5 | 2 . 3 Treads . | . . . Leg 3 | 2 . 1 Wheel 2 | . . 2 Hover . | . . . Flight . | . . . Utility 5 | 2 1 2 Device 2 | 1 . 1 Storage 3 | 1 1 1 Processor . | . . . Hackware . | . . . Protection . | . . . Artifact . | . . . Weapon 5 | 3 1 1 Energy Gun 2 | 2 . . Energy Cannon . | . . . Ballistic Gun 1 | 1 . . Ballistic Cannon 1 | . 1 . Launcher 1 | . . 1 Special Weapon . | . . . Impact Weapon . | . . . Slashing Weapon . | . . . Piercing Weapon . | . . . Special Melee Weapon . | . . . Unidentified Prototypes . | . . . Parts Lost 9 | . 1 8 Power 1 | . . 1 Propulsion 2 | . . 2 Utility 1 | . . 1 Weapon 5 | . 1 4 Highest Loss Streak 6 | . 1 6 To Critical Strikes . | . . . Average Backups 5 | 2 7 5 Power . | . 1 . Propulsion 1 | 1 2 1 Utility 3 | . 1 3 Weapon . | . 2 . Tool/Special . | . . . Unused Backups 2 | . . 2 Power . | . . . Propulsion . | . . . Utility 2 | . . 2 Weapon . | . . . Tool/Special . | . . . Average Slot Usage (%) 82 | . 99 75 Engine 13 | . 14 13 Leg 28 | . 28 28 Device 13 | . 14 13 Storage 14 | . 14 14 Energy Gun 6 | . 21 . Ballistic Gun 1 | . . 2 Ballistic Cannon 3 | . 6 2 Peak Build Rating 8 | 7 8 8 Average Rating 5 | 5 7 5 On Entrance 5 | . 7 8 Avg Prop Armor Cover (%) . | . . . Naked Turns . | . . . Heaviest Build 21 | 15 21 21 Greatest Support 20 | 20 20 20 Greatest Overweight (x) 4 | 4 1 1 Average Overweight (x) . | . . . Largest Inventory Capacity 10 | 8 10 10 Average Capacity 9 | 7 9 10 Most Carried 10 | 4 10 10 Average Carried 5 | 2 7 5 Final Capacity 10 | 8 10 10 Final Carried 10 | 4 10 4 Class Distribution -------------------- 100% | Mutant Dominant Class ---------------- Mutant | -10/Materials Mutant | -10/Mines Resources | -11 -10 -10 ----------- Run | Yrd Mat Min Matter Collected 457 | 280 53 124 Remotely . | . . . Salvage Created 203 | 64 79 60 Parts 15 | 10 4 1 Haulers Intercepted . | . . . Recyclers Shooed . | . . . Parts Field Recycled . | . . . Retrieved Matter . | . . . Parts Self-Destructed . | . . . Prevented . | . . . Parts Restored . | . . . Kills | -11 -10 -10 ------- Run | Yrd Mat Min Combat Hostiles Destroyed 5 | . 2 3 Guns 1 | . 1 . Cannons 3 | . 1 2 AOE 1 | . . 1 Classes Destroyed 3 | 1 1 1 Tunneler 3 | 3 . . Grunt 4 | . 2 2 Demolisher 1 | . . 1 Best Kill Streak 3 | 3 2 2 Combat Bots Only 2 | . 2 2 Max Kills in Single Turn 1 | 1 1 1 Gunslinging . | . . . Exploded 1 | . . 1 Melee . | . . . Uniques/NPCs Destroyed . | . . . Combat | -11 -10 -10 -------- Run | Yrd Mat Min Hostile Shots Fired 55 | . 21 34 Missed 13 | . 6 7 Hits 42 | . 15 27 Projectile 42 | . 15 27 AOE 10 | . . 10 Damage Taken 927 | . 206 721 Core 250 | . 31 219 Absorbed by Shields . | . . . Core Remaining (%) 100 | 100 . . Volleys Fired 25 | 4 11 10 Largest 2 | 2 2 2 Hottest 80 | 80 80 70 Shots Fired 48 | 8 21 19 Gun 31 | 8 14 9 Cannon 16 | . 7 9 Launcher 1 | . . 1 Special . | . . . Kinetic 24 | . 7 17 Thermal . | . . . Explosive 1 | . . 1 Electromagnetic 23 | 8 14 1 Robot Hit Streak 8 | 4 7 8 Robot Miss Streak 3 | 1 3 1 Penetration Max . | . . . Secondary Targets . | . . . Shots Hit Robots 35 | 5 13 17 Core Hits 13 | 3 5 5 Critical Kills . | . . . Critical Parts Destroyed . | . . . Critical Strikes 1 | 1 . . Corrupt 1 | 1 . . Melee Attacks . | . . . Impact . | . . . Slashing . | . . . Piercing . | . . . Sneak Attacks . | . . . Combat Hostiles . | . . . Follow-up Attacks . | . . . Damage Inflicted 552 | 73 199 280 Guns 297 | 73 114 110 Cannons 233 | . 85 148 Explosions 19 | . . 19 Melee . | . . . Ramming 3 | . . 3 Kinetic 330 | . 85 245 Thermal . | . . . Explosive 19 | . . 19 Electromagnetic 200 | 73 114 13 Impact . | . . . Slashing . | . . . Piercing . | . . . Highest Corruption . | . . . Average Corruption . | . . . Corruption Purged . | . . . Corruption Blocked . | . . . Overload Shots . | . . . Overflow Damage 32 | . . 32 Projectiles . | . . . Explosions 32 | . . 32 Melee . | . . . Knockbacks 3 | . 3 . Impact . | . . . Kinetic 2 | . 2 . Secondary 1 | . 1 . Self-Inflicted Damage 40 | . . 40 Shots 1 | . . 1 Rammed . | . . . Targets Rammed 1 | . . 1 Kicked 1 | . . 1 Crushed . | . . . Highest Temperature 199 | 36 199 33 Average Temperature 69 | 16 114 19 Received Heat Transfer 237 | . 111 126 Siege Activations . | . . . Martial Activations . | . . . Shielding Activations . | . . . Robots Disrupted . | . . . Combat Hostiles . | . . . Robots Corrupted . | . . . Combat Hostiles . | . . . Parts Fried 3 | 1 2 . Impact Corruptions . | . . . Robots Melted . | . . . Combat Hostiles . | . . . Parts Melted . | . . . Heat Transferred . | . . . Parts Sabotaged . | . . . Parts Stolen . | . . . Parts Stripped . | . . . Power Chain Reactions . | . . . Alert | -11 -10 -10 ------- Run | Yrd Mat Min Maximum Alert Level . | . . . Low Security (%) 100 | 100 100 100 Level 1 . | . . . Level 2 . | . . . Level 3 . | . . . Level 4 . | . . . Level 5 . | . . . High Security . | . . . Max Security . | . . . Peak Influence 40 | 5 40 40 Initial 3 | . 3 . Average 5 | 1 8 3 Influence Increases 144 | 15 58 71 Destroy 0b10 Robot/C 100 | . 40 60 Destroy 0b10 Robot/NC 15 | 15 . . Destroy Leader 20 | . 10 10 Successful Hack 8 | . 8 . Destroy Structure 1 | . . 1 Influence Decreases 144 | 10 63 71 Entered New Map 2 | . 2 . Time Decay 131 | 10 61 60 Lost Part 11 | . . 11 Squads Dispatched . | . . . Investigation . | . . . Extermination . | . . . Reinforcement . | . . . Assault . | . . . Garrison . | . . . Intercept . | . . . Searches Triggered . | . . . Construction Impeded . | . . . Haulers Reinforced . | . . . Active Scanning Responses . | . . . Cargo Convoy Interrupts . | . . . Stealth | -11 -10 -10 --------- Run | Yrd Mat Min Distress Signals . | . . . Communications Jammed . | . . . Distress Signals . | . . . Times Spotted 13 | . 5 8 Peak Tracking Total 3 | . 3 2 Tactical Retreats 1 | . . 1 ECM-based Alert Blocks 2 | . . 2 Traps | -11 -10 -10 ------- Run | Yrd Mat Min Traps Triggered 1 | . 1 . Indirectly . | . . . Trap Hack Attempts . | . . . Triggered . | . . . Disarmed . | . . . Reprogrammed . | . . . Reused . | . . . Traps Extracted . | . . . Installed . | . . . Triggered . | . . . Machines | -11 -10 -10 ---------- Run | Yrd Mat Min Machines Disabled . | . . . Max in Single Turn . | . . . Machines Repaired . | . . . Machines Dismantled . | . . . Machines Sabotaged . | . . . Overloaded Fab Kills . | . . . Hacking | -11 -10 -10 --------- Run | Yrd Mat Min Machines Accessed 1 | . 1 . Terminals 1 | . 1 . Fabricators . | . . . Repair Stations . | . . . Recycling Units . | . . . Scanalyzers . | . . . Garrison Access . | . . . Total Hacks 1 | . 1 . Successful 1 | . 1 . Failed . | . . . Catastrophic . | . . . Database Lockouts . | . . . Manual . | . . . Terminals 1 | . 1 . Fabricators . | . . . Repair Stations . | . . . Recycling Units . | . . . Scanalyzers . | . . . Garrison Access . | . . . Terminal Hacks 1 | . 1 . Recall Reinforcements 1 | . 1 . Fabricator Hacks . | . . . Repair Station Hacks . | . . . Recycling Unit Hacks . | . . . Scanalyzer . | . . . Garrison Access Hacks . | . . . Unauthorized Hacks . | . . . Terminals . | . . . Fabricators . | . . . Repair Stations . | . . . Recycling Units . | . . . Scanalyzers . | . . . Garrison Access . | . . . Data Cores Recovered . | . . . Used . | . . . Hacking Detections . | . . . Full Trace Events . | . . . Feedback Events . | . . . Feedback Blocked . | . . . Robot Schematics Acquired . | . . . Robots Built . | . . . Authchips . | . . . Time . | . . . Total Robot Build Rating . | . . . Part Schematics Acquired . | . . . Parts Built . | . . . Authchips . | . . . Time . | . . . Total Part Build Rating . | . . . Part Studies Acquired . | . . . Parts Repaired . | . . . Time . | . . . Parts Recycled . | . . . Recycled Matter . | . . . Retrieved Matter . | . . . Retrieved Components . | . . . Parts Scanalyzed . | . . . Part Schematics Acquired . | . . . Parts Damaged . | . . . Bothacking | -11 -10 -10 ------------ Run | Yrd Mat Min Used RIF Installer . | . . . Robots Hacked . | . . . Non-combat . | . . . Combat . | . . . Robot Hacks Applied . | . . . Relay Couplers Released . | . . . Fabnet Peak Effective % . | . . . Robots Rewired . | . . . Allies Hacked . | . . . Hacks Repelled . | . . . Allies | -11 -10 -10 -------- Run | Yrd Mat Min Total Allies . | . . . Largest Group . | . . . Highest-Rated Group . | . . . Highest-Rated Ally . | . . . Total Orders . | . . . Ally Attacks . | . . . Total Damage . | . . . Kills . | . . . Allies Corrupted . | . . . Allies Melted . | . . . Intel | -11 -10 -10 ------- Run | Yrd Mat Min Active Infowar (turns) 942 | 7 281 654 Seismic 909 | 7 281 621 ECM 33 | . . 33 Robot Analysis Total . | . . . Derelict Logs Recovered . | . . . Drone Launches . | . . . Drone Recoveries . | . . . Exploration | -11 -10 -10 ------------- Run | Yrd Mat Min Turns Passed 1034 | 93 281 660 Spaces Moved 415 | 53 163 199 Core 12 | 12 . . Treads . | . . . Legs 403 | 41 163 199 Wheels . | . . . Hover . | . . . Flight . | . . . Fastest Speed 50 | 50 120 120 Average Speed 136 | 124 144 131 Slowest Speed 250 | 250 190 190 Overloaded Moves . | . . . Propulsion Burnouts . | . . . Robots Hopped . | . . . Potential Cave-ins . | . . . Cave-ins Triggered . | . . . Exploration Rate (%) 26 | 6 37 35 Regions Visited 2 Branch Regions 1 Pre-discovered Areas . | . . . Known Exits Taken . | . . . Unknown Exits Taken 2 | 1 1 . Scrap Searched 1 | . . 1 Spaces Dug . | . . . Terrain Destroyed 2 | . . 2 Melee . | . . . Projectile . | . . . AOE 2 | . . 2 Terrain Rammed . | . . . Walls Destroyed . | . . . Machines Disabled . | . . . Actions | -11 -10 -10 --------- Run | Yrd Mat Min Total 829 | 68 186 575 Wait 358 | . 4 354 Move 413 | 52 162 199 Hop . | . . . Pick Up 9 | 3 6 . Fast Attach 9 | 8 1 . Attach 7 | . 1 6 Detach 1 | 1 . . Swap 5 | . 1 4 Drop 1 | . . 1 Fire 25 | 4 11 10 Melee . | . . . Ram . | . . . Kick 1 | . . 1 Crush . | . . . Escape Stasis . | . . . Rewire . | . . . Trap . | . . . Miscellaneous . | . . . Route ------- -11/Scrapyard -10/Materials (discovered 2 exits: [*Mat] / [*Min]) -10/Mines (discovered 1 exit: [*Mat]) History --------- Turn | Location | Event 26 | -11/Scrapyard | Discovered new exit (range 14) 94 | -11/Scrapyard | Entered Materials 190 | -10/Materials | Discovered new exit (range 11) 285 | -10/Materials | Discovered new exit (range 16) 300 | -10/Materials | Build established: Mutant 375 | -10/Materials | Entered Mines 458 | -10/Mines | Assembled infested the area 473 | -10/Mines | Core integrity fell below 50% 479 | -10/Mines | Core integrity fell below 20% 509 | -10/Mines | Lost 6 parts (1p2n3w) 835 | -10/Mines | Discovered new exit (range 4) 1035 | -10/Mines | Destroyed by G-47 Trooper with Particle Gun Last Messages --------------- 00506_ K-01 Serf collects debris. 00573_ U-05 Engineer lays Concrete. 00575_ U-05 Engineer builds a Wall. 00579_ U-05 Engineer lays Concrete. 00652_ U-05 Engineer builds a Wall. 00654_ U-05 Engineer lays Concrete. 00655_ U-05 Engineer builds a Wall. 00828_ Acquired 1 matter. 00835_ EXIT=FOUND 00864_ Acquired 15 matter. 00865_ Acquired 4 matter. 00885_ T-07 Excavator is excavating. 00937_ Dropped Med. Storage Unit. 00938_ Extracted 36 matter. 00996_ Seismic Detector destroyed. 00999_ Searching scrap... 00999_ Found Sml. Matter Pod. 00999_ Found Hcp. Storage Unit. 00999_ Found Wheel. 00999_ Found 48 Matter. Map ----- +----------------------------------------------------+ | ???????# ### % ##???????????????? | | ???????# #### # ##??????????????? | | ???????# ## ##?????????????? | | ???????###### ### ##????????????? | | ????????????# #?## ##???????????? | | ????????????# #???# #???????????? | | ????????????# #???# ##??????????? | | ????????????# #?### ####???????? | | ??????????### #?# ##??????? | | ?????????## ### ### #??????? | | ?????????# #?## ##?????? | | ?????????## #####??## #?????? | | ?????????## #??###??# ##????? | | ???????### ##?## ### #????? | | ???????# ###??# #????? | | ???????# #####?# #????? | | ???????# #### #### #????? | | ???????##?## #### ## | | ?????????## !=## | | ?????????# ###%#### | | ????????## ####?#!#??# ## #? | | ????????# g##????# #### ###?# ##? | | ????????# g##????# ###??# #?? | | ????????# ##???## ### ##??## ?? | | ????????# ##???# ## ####?# ?? | | ????????## @#???# ## ##????? | | ?????????## #???# ## #????? | | ??????????#####???# ## !!! #????? | | ??????????????????# ## ! ! # #????? | | ?????????????????? ## ! ! ## #????? | | ?????????????????? ## ! ## #????? | | ?????????????????? ### ## ###### | | ?????????????????? ??######## ## # | | ?????????????????? ?????????# | | ?????????????????? ?????????# # | | ??????????????????#????????## #### | | ???????????????????????????# ##??? | | ???????????????????????????# ##???? | | ???????????????????????????## ##???? | | ????????????????????????????## #???? | | ?????????????????????????????# #???? | | ?????????????????????????????## ##???? | | ??????????????????????????????###????? | | ?????????????????????????????????????? | | ?????????????????????????????????????? | | ?????????????????????????????????????? | | | | | | | | | +----------------------------------------------------+ Best States ------------- Heat Dissipation 25 Energy Generation 10 Energy Capacity 250 Matter Stores 300 Matter Capacity 300 Sight Range 16 Terrain Scan Density 10 ECM Strength 1 Evasion (%) 55 Item Schematics ----------------- None Robot Schematics ------------------ None Fabricated ------------ Nothing Repaired ---------- Nothing Studied --------- None Alien Tech Used ----------------- None Achievements -------------- None Challenges ------------ None Game ------ Seed IntegratedThermicCasing Manual? 0 Play Time 00:09:26 Cumulative 24.8 hours Start 2025.11.07 @ 15:50:14 End 2025.11.07 @ 15:56:35 Sessions 1 Manual Loads 0 Difficulty Rogue Special Mode None Game No. 17 Rogue 11 Adventurer 5 Explorer 1 Win Type - Total 1 Types 1/0/0/0/0/0/0/0/0/0 Lore% 12 Gallery% 31 Achievement% 20 Wizard Run 0 Options --------- Layout 1 ASCII 0 Keyboard 0 Movement Mouse Keybinds 0 Fullscreen 2 Font 24/Smallcaps Map View 50x35 Zoom Use 0% Tactical HUD 1 Map Filters NONE Filters NONE Steam 1 RUN: 488fccf7-ca41-4735-b642-50aa819cd4c2